 Dungeon Crawl Stone Soup version 0.23.1 (webtiles) character file.

Game seed: 16269661751391903395

4304 Borgoz the Covert (level 10, -1/84 HPs)
             Began as a Ghoul Assassin on Mar 8, 2019.
             Was an Initiate of Ashenzari.
             Slain by a five-headed hydra (4 damage)
             ... on level 9 of the Dungeon.
             The game lasted 00:16:41 (8151 turns).

Borgoz the Covert (Ghoul Assassin)                  Turns: 8151, Time: 00:16:42

Health: -1/84      AC: 10    Str: 16    XL:     10   Next: 32%
Magic:  9/9        EV: 14    Int:  8    God:    Ashenzari [......]
Gold:   483        SH:  0    Dex: 11    Spells: 9/9 levels left

rFire    . . .     SeeInvis +   a - +2 dagger (venom)
rCold    + . .     Gourm    .   (no shield)
rNeg     + + +     Faith    .   k - +0 ring mail
rPois    ∞         Spirit   .   w - +0 helmet
rElec    .         Reflect  .   d - +1 cloak
rCorr    +         Harm     .   (no gloves)
MR       .....                  (no boots)
Stlth    +++.......             (no amulet)
HPRegen  0.00/turn              B - ring of see invisible
MPRegen  0.11/turn              D - ring of resist corrosion

@: about to teleport, rotting
A: rotting body, claws 1, carnivore, cold resistance 1, negative energy
resistance 3, inhibited regeneration, torment resistance, unbreathing
a: Curse Item, Renounce Religion


You were on level 9 of the Dungeon.
You worshipped Ashenzari.
Ashenzari was noncommittal.
You were not hungry.

You visited 2 branches of the dungeon, and saw 10 of its levels.
You also visited: Sewer.

You collected 483 gold pieces.

Inventory:

Hand Weapons
 a - a +2 dagger of venom (weapon)
 b - a +0 blowgun
Missiles
 e - 91 poisoned needles
 f - 9 curare-tipped needles
 r - 2 throwing nets (quivered)
 x - 3 needles of frenzy
 C - 2 tomahawks
 H - 5 tomahawks of returning
 I - 6 needles of paralysis
Armour
 d - a +1 cloak (worn)
 i - the cursed +1 robe "Namiasou" {MR+}
   (You found it on level 9 of the Dungeon)

   It affects your resistance to hostile enchantments.
   It has a curse placed upon it.
 k - a +0 ring mail (worn)
 w - a +0 helmet (worn)
Jewellery
 B - a ring of see invisible (left claw)
 D - a ring of resist corrosion (right claw)
Wands
 z - a wand of enslavement (9)
 G - a wand of iceblast (4)
Scrolls
 c - a scroll of random uselessness {unknown}
 h - a scroll of noise {unknown}
 l - 2 scrolls of enchant armour
 o - 4 scrolls of teleportation
 t - 9 scrolls of remove curse
 u - 2 scrolls of blinking {unknown}
 v - 2 scrolls of immolation {unknown}
 y - a scroll of amnesia {unknown}
 E - a scroll of magic mapping
 F - a scroll of enchant weapon
 J - a scroll of summoning {unknown}
Potions
 j - 2 potions of curing
 m - 2 potions of flight
 n - 2 potions of agility
 p - a potion of resistance
 q - 3 potions of heal wounds
 s - 5 potions of brilliance
Comestibles
 g - 22 rations
 A - 13 chunks of flesh


   Skills:
 + Level 6.4 Fighting
 + Level 5.2 Short Blades
 - Level 1.7 Throwing
 * Level 7.1 Armour
 * Level 7.2 Dodging
 + Level 8.0 Stealth


You had 9 spell levels left.
You didn't know any spells.
Your spell library contained the following spells:

 Spells                   Type           Power        Failure   Level  Hunger
 Animate Skeleton         Necr           N/A          58%         1    ##.....
 Magic Dart               Conj           #...         58%         1    ##.....
 Pain                     Necr           #...         58%         1    ##.....
 Searing Ray              Conj           #.....       75%         2    ###....
 Dazzling Spray           Conj/Hex       #.....       92%         3    ####...
 Regeneration             Chrm/Necr      #.........   92%         3    ####...
 Vampiric Draining        Necr           #.........   92%         3    ####...
 Animate Dead             Necr           N/A          100%        4    #####..
 Force Lance              Conj/Tloc      #.......     100%        4    #####..
 Fulminant Prism          Conj/Hex       #.........   100%        4    #####..
 Iskenderun's Mystic Bla  Conj           #.......     100%        4    #####..


Dungeon Overview and Level Annotations

Branches:
Dungeon (9/15)             Temple (1/1) D:6
   Lair: D:8-11         Orc: D:9-12

Altars:
Ashenzari
Cheibriados
Dithmenos
Elyvilon
Fedhas
Gozag
Hepliaklqana
Kikubaaqudgha
Makhleb
Nemelex Xobeh
Okawaru
Qazlal
Ru
Sif Muna
Trog
Uskayaw
Wu Jian
Xom
Yredelemnul
Zin
The Shining One

Shops:
D:4 }   D:6 =


Innate Abilities, Weirdness & Mutations

Your body is rotting away.
You thrive on raw meat.
You are immune to poison.
You have sharp fingernails.
You are carnivorous and can eat meat at any time.
Your flesh is cold resistant. (rC+)
You are immune to negative energy. (rN+++)
You do not regenerate when monsters are visible.
You are immune to unholy pain and torment.
You can survive without breathing.


Message History

You see here an iguana corpse.
You butcher the iguana corpse.
Things that are here:
3 chunks of flesh; an iguana skeleton
A - 13 chunks of flesh (gained 3)
The five-headed hydra misses you. The five-headed hydra bites you!
The five-headed hydra completely misses you.
The five-headed hydra bites you.
* * * LOW HITPOINT WARNING * * *
The five-headed hydra bites you!
* * * LOW HITPOINT WARNING * * *
As you read the scroll of teleportation, it crumbles to dust.
You feel strangely unstable.
The five-headed hydra closely misses you.
The five-headed hydra bites you!
* * * LOW HITPOINT WARNING * * *
The five-headed hydra bites you.
* * * LOW HITPOINT WARNING * * *
The five-headed hydra bites you.
You die...

#..........!.............
#...........######.......
########....# #.......
#...## #....... #...#
#..÷.... #...## #.......
#....# #....... #....#
##...(... #@..##
#...((... #D..# #..(.J...
##...# #........ #....#
#(....... #....#
#.......>
###....######.(......
...........D...)......
......................
......................


You could see a five-headed hydra.

Vanquished Creatures
  Harold (D:8)
  A troll (D:9)
  3 water moccasins
  An ice beast (D:7)
  6 ogres
  2 sky beasts (D:9)
  2 phantoms
  2 centaurs
  3 big kobolds
  4 bullfrogs
  A scorpion (D:4)
  4 wights (D:7)
  2 howler monkeys
  6 crimson imps
  A quasit (D:6)
  2 centaur zombies
  6 hounds
  A bullfrog skeleton (D:5)
  3 orc wizards (D:7)
  A centaur skeleton (D:8)
  4 iguanas
  3 worker ants
  A killer bee zombie (D:8)
  2 hound skeletons
  A hound zombie (D:7)
  A worker ant zombie (D:7)
  7 gnolls
  16 adders
  A shadow imp (D:5)
  3 oozes
  An adder skeleton (D:6)
  An adder zombie (D:6)
  3 worms
  6 leopard geckos
  8 orcs
  A ball python (Sewer)
  5 giant cockroaches
  7 goblins
  9 hobgoblins
  6 jackals
  34 kobolds
  5 quokkas
  8 bats
  2 frilled lizards
  A giant cockroach zombie (D:6)
  A leopard gecko skeleton (D:5)
  A quokka skeleton (D:7)
  14 rats
204 creatures vanquished.

Vanquished Creatures (others)
  A bullfrog (D:7)
  An orc priest (D:7)
  A hound (D:7)
  An iguana (D:7)
  A worker ant (D:7)
  An adder (D:7)
  3 orcs (D:7)
9 creatures vanquished.

Grand Total: 213 creatures vanquished

Notes
Turn   | Place    | Note
-------+----------+-------------------------------------------
     0 | D:1      | Borgoz the Ghoul Assassin began the quest for the Orb.
     0 | D:1      | Reached XP level 1. HP: 17/17 MP: 0/0
   129 | D:1      | Reached skill level 1 in Dodging
   175 | D:1      | Reached XP level 2. HP: 8/24 MP: 1/1
   318 | D:1      | Reached skill level 1 in Armour
   462 | D:1      | Reached XP level 3. HP: 28/30 MP: 2/2
   801 | D:2      | Reached XP level 4. HP: 22/37 MP: 3/3
   856 | D:2      | Found an opulent altar of Gozag.
  1325 | D:3      | Reached XP level 5. HP: 19/45 MP: 4/4
  1388 | D:3      | Found a glowing drain.
  1388 | D:3      | Found a sparkling altar of Nemelex Xobeh.
  1449 | Sewer    | Entered a sewer
  1584 | Sewer    | Noticed a big kobold
  1613 | Sewer    | Killed a big kobold
  1613 | Sewer    | Reached skill level 5 in Stealth
  1613 | Sewer    | Reached XP level 6. HP: 15/51 MP: 5/5
  2388 | D:4      | Found Etza's Gadget Emporium.
  2448 | D:4      | Reached XP level 7. HP: 42/58 MP: 6/6
  2512 | D:4      | Got a polished mace
  2513 | D:4      | Identified the cursed +1 mace "Ygirio" {venom, Fragile MP-9
                  | Str+9 SInv} (You found it on level 4 of the Dungeon)
  2978 | D:5      | Entered Level 5 of the Dungeon
  3407 | D:5      | Reached XP level 8. HP: 59/66 MP: 7/7
  3454 | D:5      | Found an ancient bone altar of Kikubaaqudgha.
  3520 | D:5      | Found a hazy altar of Hepliaklqana.
  3547 | D:5      | Reached skill level 6 in Stealth
  4061 | D:6      | Found Tan Weqy's Jewellery Boutique.
  4121 | D:6      | Found a bloodstained altar of Trog.
  4216 | D:6      | Found a staircase to the Ecumenical Temple.
  4277 | Temple   | Entered the Ecumenical Temple
  4388 | D:6      | Found a glowing golden altar of the Shining One.
  4493 | D:6      | Found a blossoming altar of Fedhas.
  4696 | D:6      | Reached skill level 5 in Dodging
  5189 | D:7      | Reached skill level 5 in Fighting
  5189 | D:7      | Reached skill level 5 in Armour
  5223 | D:7      | Reached XP level 9. HP: 50/74 MP: 8/8
  5253 | D:7      | Found a shimmering altar of Xom.
  5653 | D:7      | Found a shattered altar of Ashenzari.
  5693 | D:7      | Became a worshipper of Ashenzari the Shackled
  5812 | D:7      | Reached skill level 7 in Stealth
  7383 | D:8      | Noticed Harold
  7432 | D:8      | Killed Harold
  7432 | D:8      | Reached skill level 5 in Short Blades
  7432 | D:8      | Reached XP level 10. HP: 48/83 MP: 9/9
  8064 | D:9      | Reached skill level 8 in Stealth
  8125 | D:9      | Noticed a five-headed hydra
  8135 | D:9      | Got the cursed robe "Namiasou" {MR+}
  8151 | D:9      | HP: 3/84 [five-headed hydra (2)]
  8151 | D:9      | Slain by a five-headed hydra

Skill      XL: |  1  2  3  4  5  6  7  8  9 10 |
---------------+-------------------------------+-----
Dodging        | 1 2 3 4 5 6 7 |  7.2
Armour         | 1 2 3 4 5 6 7 |  7.1
Short Blades   | 2 3 4 5 |  5.2
Fighting       | 3 4 5 6 |  6.4
Stealth        | 5 6 7 8 |  8.0
Throwing       | |  1.7

Action                   |  1- 3 |  4- 6 |  7- 9 | 10-12 || total
-------------------------+-------+-------+-------+-------++-------
Melee: Dagger            |   111 |   281 |   674 |    96 ||  1162
  Use: Scroll            |       |     7 |     4 |     2 ||    13
       Potion            |       |     3 |     8 |       ||    11
 Stab: Sleeping          |     4 |     6 |     9 |     4 ||    23
  Eat: Chunk             |     9 |    17 |    42 |     3 ||    71
Armor: Robe              |    21 |       |       |       ||    21
       Ring mail         |    25 |   104 |   216 |    43 ||   388
Dodge: Dodged            |    51 |   161 |   325 |    71 ||   608
